 Dungeon Crawl Stone Soup version 0.16.1-12-gf5c4a84 (webtiles) character file.

811 Huymann the Cudgeler (level 7, -6/76 HPs)
             Began as an Ogre Berserker on Apr 9, 2015.
             Was a Priest of Trog.
             Mangled by an ogre
             ... wielding a +0 giant club
              (21 damage)
             ... on level 4 of the Dungeon.
             The game lasted 00:16:33 (3439 turns).

Huymann the Cudgeler (Ogre Berserker)               Turns: 3439, Time: 00:16:33

Health: -6/76      AC:  4    Str: 23    XL:     7   Next: 93%
Magic:  7/7        EV: 11    Int:  6    God:    Trog [***...]
Gold:   152        SH:  0    Dex: 11    Spells: 0 memorised, 6 levels left

rFire  . . .     SeeInvis .     a - +0 mace
rCold  . . .     Clarity  .     x - +1 robe {MR+}
rNeg   . . .     SustAb   .     (shield restricted)
rPois  .         Gourm    .     (helmet restricted)
rElec  .         Spirit   .     (no cloak)
rCorr  .         Warding  .     (gloves unavailable)
rMut   .         Stasis   .     (boots unavailable)
MR     +....                    (no amulet)
Stlth  ++........               (no ring)
                                (no ring)

@: exhausted, hasted and slowed, somewhat resistant to hostile enchantments,
unstealthy
A: unfitting armour, tough skin 1
a: Burn Spellbooks, Berserk, Trog's Hand, Renounce Religion


You were on level 4 of the Dungeon.
You worshipped Trog.
Trog was most pleased with you.
You were very hungry.

You visited 1 branch of the dungeon, and saw 4 of its levels.

You collected 152 gold pieces.

Inventory:

Hand weapons
 a - a +0 mace (weapon)
 o - a +0 blowgun
 p - a +0 spear
 v - a +0 giant club
Missiles
 d - 22 poisoned needles
 e - 40 stones
 w - a tomahawk (quivered)
Armour
 b - a +0 animal skin
 g - a +0 robe
 t - a +0 robe
 u - a +0 robe
 x - a +1 robe of magic resistance (worn)
Jewellery
 i - an uncursed ring of flight
 m - an uncursed ring of ice
Magical devices
 n - a wand of frost (0)
 y - a wand of disintegration (12)
Scrolls
 h - 2 scrolls of identify
 l - a scroll of noise
 A - a scroll of immolation
 B - 2 scrolls of teleportation
Potions
 f - 3 potions of agility
 q - a potion of mutation
 z - a potion of brilliance {unknown}
Comestibles
 c - 2 meat rations
 k - a slice of pizza
 r - a bread ration
 s - a royal jelly


   Skills:
 + Level 6.3 Fighting
 + Level 6.7 Maces & Flails
 * Level 3.1 Throwing
 + Level 1.9 Armour
 + Level 4.3 Dodging
 * Level 2.7 Stealth


You had 6 spell levels left.
You didn't know any spells.

Dungeon Overview and Level Annotations

Branches:
Dungeon (4/15)             Temple (0/1) D:4

Altars:
Ashenzari
Makhleb
Nemelex Xobeh
Sif Muna
Vehumet


Innate Abilities, Weirdness & Mutations

You are too large for most types of armour.
You have tough skin (AC +1).


Message History

You feel yourself slow down.
You are feeling very hungry.
Things that are here:
a long sword; a robe An ogre comes into view.
It is wielding a giant club.
Quivering
w - 2 tomahawks for throwing.
The ogre shouts!
Throwing (i - inventory. (,) - cycle):
w - 2 tomahawks (quivered)
Press: ? - help, Shift-Dir - straight line, f - ogre
Aim: an ogre, wielding a giant club You throw a tomahawk.
The tomahawk hits the ogre!
The ogre is moderately wounded.
The ogre hits you with a giant club!! The ogre hits you with a giant club!
You hit the ogre.
The ogre is moderately wounded.
The ogre hits you with a giant club!!
* * * LOW HITPOINT WARNING * * *
You feel yourself speed up. The ogre hits you with a giant club!!
You die...

####### ......#
##################
#####.#
#.......@O...(...#
##.###.##############.###
##...##.### #...)...#
#.........# #.###.#.#
#.........# #.# #O#.#
##.........# #.# #.#
##### #P..PP.###.# #.#
#.#.#.... #..PP..# #.#
#.. ... ...(# #P.>...#
#.# #...#.#.#.#.#


You could see an ogre.

Vanquished Creatures
  Eustachio (D:4)
  An ogre (D:4)
  A phantom (D:4)
  The ghost of Huymann the Magician, an average DEFE (D:4)
  Blork the orc (D:4)
  2 scorpions (D:4)
  A crimson imp (D:3)
  An orc wizard (D:4)
  A worker ant (D:4)
  7 adders
  2 river rats (D:3)
  3 giant mites
  A worm (D:3)
  4 giant geckos
  2 oozes (D:1)
  4 orcs (D:4)
  A ball python (D:3)
  11 bats
  A bat skeleton (D:4)
  8 hobgoblins
  2 giant cockroaches
  7 giant newts
  2 goblins
  4 jackals (D:1)
  8 kobolds
  6 rats
83 creatures vanquished.

Notes
Turn   | Place    | Note
--------------------------------------------------------------
     0 | D:1      | Huymann, the Ogre Berserker, began the quest for the Orb.
     0 | D:1      | Reached XP level 1. HP: 24/24 MP: 1/1
   245 | D:1      | Reached XP level 2. HP: 32/32 MP: 2/2
   665 | D:1      | Reached XP level 3. HP: 39/39 MP: 3/3
   764 | D:2      | Acquired Trog's second power
   956 | D:2      | Reached skill level 5 in Maces & Flails
  1083 | D:2      | Found a deep blue altar of Sif Muna.
  1267 | D:2      | Reached XP level 4. HP: 46/49 MP: 4/4
  1326 | D:2      | Found a sparkling altar of Nemelex Xobeh.
  1612 | D:3      | Found a shattered altar of Ashenzari.
  1629 | D:3      | Reached skill level 1 in Stealth
  1639 | D:3      | Found a radiant altar of Vehumet.
  1640 | D:3      | Found a burning altar of Makhleb.
  1658 | D:3      | Reached XP level 5. HP: 46/55 MP: 5/5
  2280 | D:3      | Reached skill level 5 in Fighting
  2587 | D:4      | Reached XP level 6. HP: 66/66 MP: 6/6
  2731 | D:4      | Reached skill level 1 in Throwing
  2752 | D:4      | Noticed Huymann's ghost (average DEFE)
  2763 | D:4      | Killed Huymann's ghost
  2801 | D:4      | Noticed an ogre
  2812 | D:4      | Killed an ogre
  2812 | D:4      | Reached skill level 6 in Maces & Flails
  2815 | D:4      | Reached XP level 7. HP: 45/74 MP: 7/7
  3013 | D:4      | Found a staircase to the Ecumenical Temple.
  3071 | D:4      | Noticed Eustachio
  3082 | D:4      | Killed Eustachio
  3412 | D:4      | Noticed Blork the orc
  3417 | D:4      | Killed Blork the orc
  3439 | D:4      | Mangled by an ogre

Action                   |  1- 3 |  4- 6 |  7- 9 || total
-------------------------+-------+-------+-------++-------
Melee: Mace              |    94 |   151 |    33 ||   278
 Fire: Blowgun           |       |       |     5 ||     5
Throw: Stone             |     3 |     7 |     5 ||    15
       Tomahawk          |       |       |     1 ||     1
Invok: Berserk           |     1 |     5 |     2 ||     8
  Use: Scroll            |       |    10 |     1 ||    11
       Potion            |       |       |     1 ||     1
  Eat: Chunk             |     2 |     9 |     4 ||    15
